AoeStats
← JamesRyan18769

Baltic

510868838Analyzed
2v2 RM · 5h ago on Oct 2, 2026· 26m 3s· 4 players
Game mode
Random Map
Map size
Medium (4 player)
Population
200
Speed
Normal
Resources
Standard
Victory
Conquest
Starting age
Dark Age
Ending age
Imperial Age
RankedLock teamsTeams togetherTeam positionsShared explorationLock speedFull tech treeHidden civsTurbo modeCheats
Victory
Defeat
🇪🇸 Gurjaras · Spain
753
+40
🇩🇪 Varangians · Germany
751
+18
🇦🇹 Celts · Austria
794
-18
🇦🇹 Cumans · Austria
793
-18
weachman
12:39 Feudal Age
13:10 Town Watch
13:08 Fishing Lines
14:19 Double-Bit Axe
23:36 Castle Age
21:44 Scale Barding Armor
23:21 Fletching
24:29 Town Patrol
24:42 Bodkin Arrow
ADRIANTRAX
10:31 Feudal Age
12:41 Horse Collar
15:39 Double-Bit Axe
23:36 Castle Age
Packelwudding
2:26 Loom
11:04 Feudal Age
12:28 Wheelbarrow
11:43 Double-Bit Axe
12:03 Horse Collar
26:22 Castle Age
JamesRyan18769
3:51 Loom
10:22 Feudal Age
11:06 Double-Bit Axe
11:23 Horse Collar
16:35 Wheelbarrow
16:25 Town Watch
20:13 Man-at-Arms
21:46 Forging
21:37 Scale Mail Armor
21:37 Arson
27:29 Castle Age
Connection lost

Rejoining the realm…

Still unreachable

The connection could not be restored.

Session expired

The server has moved on; the page needs a fresh start.